 Dungeon Crawl Stone Soup version 0.31-a0-1589-g8f5e8aebd6 (webtiles) character file.

Game seed: 3946638458016126038

37 MisterAzrael the Conjurer (level 3, -1/19 HPs)
             Began as a Deep Elf Conjurer on Jan 5, 2024.
             Slain by a kobold
             ... wielding a +0 dagger
              (3 damage)
             ... on level 1 of the Dungeon.
             The game lasted 00:01:11 (1178 turns).

MisterAzrael the Conjurer (Deep Elf Conjurer)       Turns: 1178, Time: 00:01:11

Health: -1/19      AC:  2    Str:  4    XL:     3   Next: 23%
Magic:  10/10      EV: 12    Int: 24    God:
Gold:   52         SH:  0    Dex: 13    Spells: 6/9 levels left

rFire   . . .        (no weapon)
rCold   . . .        (no shield)
rNeg    . . .        a - +0 robe
rPois   .            (no helmet)
rElec   .            (no cloak)
rCorr   .            (no gloves)
SInv    .            (no boots)
Will    .....        (no amulet)
Stlth   ++           (no ring)
HPRegen 0.23/turn    (no ring)
MPRegen 0.12/turn

%: no passive effects
@: no status effects
A: no striking features
a: no special abilities


You were on level 1 of the Dungeon.
You visited 1 branch of the dungeon, and saw 2 of its levels.

You collected 52 gold pieces.

Inventory:

Armour
 a - a +0 robe (worn)
Scrolls
 e - a scroll of identify {unknown}
 f - a scroll of blinking {unknown}
Potions
 b - a potion of magic
 c - a potion of heal wounds {unknown}
 d - a potion of ambrosia {unknown}


   Skills:
 - Level 2.4 Dodging
 - Level 2.4 Stealth
 + Level 3.8 Spellcasting
 * Level 5.3 Conjurations


You had 6 spell levels left.
You knew the following spells:

 Your Spells              Type           Power      Damage    Failure   Level
a - Magic Dart            Conj           100%       1d8       1%          1
b - Searing Ray           Conj           60%        2d6       1%          2

Your spell library contained the following spells:

 Spells                   Type           Power      Damage    Failure   Level
 Fulminant Prism          Conj/Alch      8%         3d6       32%         4
 Iskenderun's Mystic Bla  Conj/Tloc      17%        2d5       32%         4


Dungeon Overview and Level Annotations

Branches:
Dungeon (2/15)

Altars:


Message History

The magic dart hits the jackal.
The jackal is severely wounded.
The jackal barks!
A ribbon worm comes into view.
A jackal comes into view.
An adder comes into view.
The magic dart hits the jackal.
You kill the jackal!
The adder hisses angrily.
The jackal barks!
You hear a shout!
A jackal comes into view.
The magic dart hits the adder.
The adder is moderately wounded.
The jackal barks!
The magic dart hits the jackal but does no damage.
A kobold comes into view. It is wielding a +0 dagger.
There is a stone staircase leading up here.
The jackal bites you.
You climb upwards.
There is a stone staircase leading down here.
You start resting.
HP restored.
You start resting.
Magic restored.
You climb downwards.
The jackal bites you. x2
The adder completely misses you. The kobold hits you with a +0 dagger.
The jackal barely misses you. The jackal closely misses you. x2
There is a stone staircase leading up here.
The adder bites you but does no damage. The kobold hits you with a +0 dagger.
The jackal barely misses you. The jackal bites you.
The jackal barely misses you. The adder bites you.
* * * LOW HITPOINT WARNING * * *
You climb upwards.
There is a stone staircase leading down here.
The jackal closely misses you. The jackal bites you.
* * * LOW HITPOINT WARNING * * *
The kobold barely misses you. The jackal bites you.
* * * LOW HITPOINT WARNING * * *
The jackal attacks as it pursues you! The jackal closely misses you.
The kobold attacks as it pursues you! The kobold hits you with a +0 dagger.
You die...

### #####.#
#######################..[..#
........................###.#
###########################.#
............................#
#####...###....K@.#.#########
##.............hh..........#
...............Sh#########.#
##......##.......'.........#
.................###########
...##............#
...#####.........#
.......#.........#
.......#.....##'##


You could see an adder, 3 jackals and a kobold.

Vanquished Creatures
  An adder (D:2)
  A dart slug (D:2)
  2 bats (D:1)
  3 endoplasms (D:1)
  A giant cockroach (D:1)
  A hobgoblin (D:1)
  A jackal (D:2)
  5 kobolds (D:1)
  A quokka (D:1)
  A ball python (D:1)
  A frilled lizard (D:1)
  3 goblins (D:1)
  3 rats (D:1)
24 creatures vanquished.

Notes
Turn   | Place    | Note
-------+----------+-------------------------------------------
     0 | D:1      | MisterAzrael the Deep Elf Conjurer began the quest for the
                  | Orb.
     0 | D:1      | Reached XP level 1. HP: 10/10 MP: 6/6
   233 | D:1      | Reached XP level 2. HP: 15/15 MP: 5/8
   269 | D:1      | Learned a level 2 spell: Searing Ray
   304 | D:1      | Found a faded altar of an unknown god.
   549 | D:1      | Reached skill level 5 in Conjurations
  1061 | D:2      | Reached XP level 3. HP: 15/19 MP: 0/10
  1178 | D:1      | Slain by a kobold

Illustrated notes

Levels and vault maps discovered:
D:1:      co_arrival_square_in_a_square_in_a_square, layout_basic,
          basic_ecumenical_altar
D:2:      layout_rooms, basic_altar, grunt_decor_arrowhead, minmay_ruptured

Skill      XL: |  1  2 |
---------------+-------+-----
Conjurations   | 5 |  5.3
Dodging        | |  2.4
Stealth        | |  2.4
Spellcasting   | |  3.8

Action                     || total
---------------------------++-------
   Cast: Magic Dart        ||    46
         Searing Ray       ||     1
 Armour: Robe              ||    13
  Dodge: Dodged            ||    11

Table legend: (Time is in decaauts)
 A = Elapsed time spent in this place.
 B = Non-inter-level travel time spent in this place.
 C = Inter-level travel time spent in this place.
 D = Time resting spent in this place.
 E = Time spent auto-exploring this place.
 F = Levels seen in this place.
 G = Mean time per level.
                   A        B        C        D        E       F      G
               +--------+--------+--------+--------+--------+-----+--------+
         Total |   1179 |   1173 |      6 |    100 |    978 |   2 |  589.5 |
       Dungeon |   1179 |   1173 |      6 |    100 |    978 |   2 |  589.5 |
               +--------+--------+--------+--------+--------+-----+--------+

Top non-repeatable levels by time:
     D:1: 1081 daAuts
     D:2: 98 daAuts
